 Dungeon Crawl Stone Soup version 0.27-a0-1332-g84bddb5ca7 (webtiles) character file.

Game seed: 17969173035664551855

1 Brandom the Sneak (level 1, 0/18 HPs)
             Began as a Demonspawn Delver on June 25, 2021.
             Was an Initiate of Nemelex Xobeh.
             Slain by an adder (1 damage)
             ... in the Ecumenical Temple.
             The game lasted 00:00:47 (127 turns).

Brandom the Sneak (Demonspawn Delver)                Turns: 127, Time: 00:00:48

Health: 0/18       AC:  3    Str: 12    XL:     1   Next: 16%
Magic:  1/1        EV: 11    Int: 11    God:    Nemelex Xobeh [......]
Gold:   17         SH:  0    Dex: 14    Spells: 0/0 levels left

rFire    . . .     SeeInvis .   a - +0 falchion
rCold    . . .     Faith    .   (no shield)
rNeg     . . .     Spirit   .   b - +0 leather armour
rPois    .         Reflect  .   (no helmet)
rElec    .         Harm     .   (no cloak)
rCorr    .         Rampage  .   (no gloves)
Will     .....                  (no boots)
Stlth    ++........             (no amulet)
HPRegen  0.06/turn              (no ring)
MPRegen  0.07/turn              (no ring)

@: no status effects
A: no striking features
a: Renounce Religion, Draw Escape, Draw Destruction, Draw Summoning


You were in the Ecumenical Temple.
You worshipped Nemelex Xobeh.
Nemelex Xobeh was noncommittal.
You visited 2 branches of the dungeon, and saw 2 of its levels.

You collected 17 gold pieces.

Inventory:

Hand Weapons
 a - a +0 falchion (weapon)
Armour
 b - a +0 leather armour (worn)
Wands
 v - a wand of digging (3)
Scrolls
 c - a scroll of fog
 d - a scroll of magic mapping
Potions
 f - a potion of haste {@q3}


   Skills:
 * Level 3.0 Fighting
 * Level 1.8 Long Blades
 + Level 0.0 Armour
 + Level 1.7 Dodging
 - Level 4.5 Stealth


You couldn't memorise any spells.
You didn't know any spells.
Your spell library was empty.

Dungeon Overview and Level Annotations

Branches:
Dungeon (5/15)             Temple (1/1) D:5

Altars:
Ashenzari
Fedhas
Kikubaaqudgha
Nemelex Xobeh
Trog
Vehumet
Zin


Message History

The adder bites you.
You are poisoned.
The adder poisons you! The jackal closely misses you.
There is a staircase to the Ecumenical Temple here.
You feel sick. The adder bites you. The jackal barely misses you.
You climb downwards.
Welcome to the Ecumenical Temple!
Found a sparkling altar of Nemelex Xobeh and a radiant altar of Vehumet.
There is a staircase back to the Dungeon here.
As you read the scroll of fear, it crumbles to dust.
You assume a fearsome visage.
The jackal looks frightened!
The adder looks frightened!
You feel sick.
You feel sick.
You feel sick.
You feel sick.
You are no longer poisoned.
There is a sparkling altar of Nemelex Xobeh here.
You kneel at the altar of Nemelex Xobeh.
You kneel at the altar of Nemelex Xobeh.
Nemelex Xobeh welcomes you!
You can now draw from decks of power.
Found a blossoming altar of Fedhas.
You start resting.
A jackal is nearby!
The jackal barks!
You hit the jackal.
You kill the jackal!
Found a glowing silver altar of Zin.
Found a bloodstained altar of Trog.
Found an ancient bone altar of Kikubaaqudgha.
Found a broken altar of Ashenzari.
The adder bites you.
* * * LOW HITPOINT WARNING * * *
You are poisoned.
The adder poisons you!
You miss the adder.
You feel sick. The adder bites you.
* * * LOW HITPOINT WARNING * * *
You hit the adder but do no damage.
* * * LOW HITPOINT WARNING * * *
You feel sick. The adder bites you but does no damage.
The adder barely misses you.
Unknown command.
You barely miss the adder.
* * * LOW HITPOINT WARNING * * *
You feel sick.
You are no longer poisoned.
The adder closely misses you.
You riposte.
You miss the adder.
Unknown command.
You hit the adder. The adder bites you.
You die...
Your body disappears without a glow.

........##≈≈≈≈≈≈≈≈≈≈≈≈≈≈≈≈≈##
........#≈≈≈≈≈≈≈≈≈≈≈≈≈≈≈≈≈≈≈#
..8.....#≈≈≈≈≈≈≈≈≈≈≈≈≈≈≈≈≈≈≈#
........#≈≈≈≈≈≈≈≈≈≈≈≈≈≈≈≈≈≈≈#
........##≈≈≈≈≈≈≈≈≈≈
...._....##≈≈≈≈≈≈≈≈≈
..........###≈≈≈≈≈≈≈
............####≈≈≈≈
#..........S@..#####
##..................
###........_.......
###..............
####........... #####.......
#######


You could see an adder.

Vanquished Creatures
  A jackal (Temple)
1 creature vanquished.

Notes
Turn   | Place    | Note
-------+----------+-------------------------------------------
     0 | D:5      | Brandom the Demonspawn Delver began the quest for the Orb.
     0 | D:5      | Reached XP level 1. HP: 18/18 MP: 1/1
    44 | D:5      | Found a staircase to the Ecumenical Temple.
    53 | Temple   | Entered the Ecumenical Temple
    59 | Temple   | Became a worshipper of Nemelex Xobeh the Trickster
   127 | Temple   | Slain by an adder

Illustrated notes

Levels and vault maps discovered:
D:5:      layout_loops_cross, lemuel_doored_altar,
          nicolae_overflow_hidden_temple, temple_fountains, serial_shops, shop,
          mrwooster_statue_mirror, minmay_misc_feat_ornament
Temple:   compressed_dpeg_circular_temple

Action                   || total
-------------------------++-------
Melee: Falchion          ||     5
  Use: Scroll            ||     1
Armor: Leather armour    ||     1
Dodge: Dodged            ||     5
       Rpst.: Falchion   ||     1

Table legend: (Time is in decaauts)
 A = Elapsed time spent in this place.
 B = Non-inter-level travel time spent in this place.
 C = Inter-level travel time spent in this place.
 D = Time resting spent in this place.
 E = Time spent auto-exploring this place.
 F = Levels seen in this place.
 G = Mean time per level.
                   A        B        C        D        E       F      G
               +--------+--------+--------+--------+--------+-----+--------+
         Total |    127 |    127 |      0 |     32 |     43 |   2 |   63.5 |
       Dungeon |     53 |     53 |      0 |      0 |     43 |   1 |   53.0 |
        Temple |     74 |     74 |      0 |     32 |      0 |   1 |   74.0 |
               +--------+--------+--------+--------+--------+-----+--------+

Top non-repeatable levels by time:
  Temple: 74 daAuts
     D:5: 53 daAuts
